[Event "*** Titled Tuesday 3|2 Blitz"]
[Site "Chess.com"]
[Date "2016.02.02"]
[Round "1"]
[White "Ar4uha"]
[Black "pedromartinez91"]
[Result "1-0"]
[WhiteElo "2402"]
[BlackElo "1970"]
[TimeControl "180+2"]
[EndTime "17:04:15 PST"]
[Termination "Ar4uha won by resignation"]

1. e4 e6 2. c4 d5 3. exd5 exd5 4.
cxd5 Qxd5 5. Nc3 Qd8 6. d4 Nf6 7. Nf3 Be7 8. Bc4 O-O 9. O-O b6 10.
Ne5 Bb7 11. Qb3 Qe8 12. Re1 Bd6 13. Bg5 Bxe5 14. dxe5 Qc6 15. f3 Nh5 16. e6 fxe6 17. Rxe6 Qc5+ 18. Be3 Qf5 19. Rf6+ Kh8 20. Rxf5 Rxf5 21.
g4 Rxf3 22. Bd5 1-0

[Event "*** Titled Tuesday 3|2 Blitz"]
[Site "Chess.com"]
[Date "2016.02.02"]
[Round "1"]
[White "tigra"]
[Black "the_drake"]
[Result "1-0"]
[WhiteElo "2422"]
[BlackElo "2008"]
[TimeControl "180+2"]
[EndTime "17:04:37 PST"]
[Termination "tigra won by resignation"]

1. e4 e5 2. Nf3 Nc6 3. Bc4 Bc5 4. c3 Nf6 5. d3 a6 6. Bb3 h6 7. Nbd2 O-O 8. Qe2 d5 9. O-O Bg4 10. Bc2 d4 11. h3 Bh5 12. Nb3 Qe7 13. Nxc5 Qxc5 14.
Bd2 Rad8 15. Rac1 Qb6 16. Rb1 Qc5 17. Kh2 Nd7 18. g4 Bg6 19. Nh4 Bh7 20. Bb3 Qe7 21. Nf5 Bxf5 22. gxf5 Kh7 23. Rg1 g5 24. Bxg5 f6 25.
Bxh6 Rg8 26. Qh5 1-0

[Event "*** Titled Tuesday 3|2 Blitz"]
[Site "Chess.com"]
[Date "2016.02.02"]
[Round "1"]
[White "davidarenas1224"]
[Black "yurisolo"]
[Result "0-1"]
[WhiteElo "2042"]
[BlackElo "2441"]
[TimeControl "180+2"]
[EndTime "17:04:56 PST"]
[Termination "yurisolo won by resignation"]

1. e4 c5 2. Nf3 d6 3. d4 Nf6 4.
Nc3 cxd4 5. Nxd4 a6 6. Be2 e5 7.
Nb3 Be7 8. O-O Be6 9. Kh1 Nbd7 10. f4 Qc7 11. f5 Bc4 12. a4 O-O 13. Be3 Rfc8 14. a5 b5 15. axb6 Nxb6 16. Na5 Bxe2 17. Qxe2 Nc4 18. Nxc4 Qxc4 19. Qd3 Qb4 20. Ra2 a5 21. h3 Rc4 22. Ra4 Rxc3 23. bxc3 Qxa4 24. c4 Rc8 0-1

[Event "*** Titled Tuesday 3|2 Blitz"]
[Site "Chess.com"]
[Date "2016.02.02"]
[Round "1"]
[White "AungTZ"]
[Black "dretch"]
[Result "0-1"]
[WhiteElo "2095"]
[BlackElo "2450"]
[TimeControl "180+2"]
[EndTime "17:05:27 PST"]
[Termination "dretch won by resignation"]

1. e4 e6 2. d4 d5 3. Nc3 Nf6 4. Bg5 dxe4 5. Nxe4 Be7 6. Bxf6 Bxf6 7. Nf3 Nd7 8. Bd3 c5 9. Nd6+ Ke7 10. Nxc8+ Rxc8 11. O-O cxd4 12. Re1 Qb6 13. a4 Rhd8 14. a5 Qd6 15. a6 b6 16. Ra4 Nc5 17. Rc4 Qd5 18. b3 Nxd3 19. cxd3 b5 20. Rxc8 Rxc8 21. h3 Rc6 22. Nd2 Rxa6 23. Ne4 Rc6 24. b4 Kf8 25.
Nxf6 gxf6 26. Qf3 Qxf3 27. gxf3 Rc3 28. Ra1 Rxd3 29. Rxa7 Rb3 30. Kg2 Rxb4 31. Kg3 Rc4 32. Rb7 b4 33. f4 Rc3+ 34. Kg4 b3 35. f3 d3 36. f5 d2 37. Rd7 b2 0-1

[Event "*** Titled Tuesday 3|2 Blitz"]
[Site "Chess.com"]
[Date "2016.02.02"]
[Round "1"]
[White "DanielNaroditsky"]
[Black "chessking2151"]
[Result "1-0"]
[WhiteElo "2567"]
[BlackElo "2242"]
[TimeControl "180+2"]
[EndTime "17:05:34 PST"]
[Termination "DanielNaroditsky won by checkmate"]

1. d4 Nf6 2. c4 e6 3. Nc3 d5 4.
cxd5 exd5 5. Bg5 Be7 6. e3 O-O 7. Bd3 c6 8. Qc2 Nbd7 9. Nge2 Re8 10. O-O Nf8 11. f3 g6 12. Kh1 Nh5 13. Bxe7 Qxe7 14. e4 Be6 15. Qd2 Rad8 16. Rae1 Qd7 17. Qh6 f6 18.
exd5 Bxd5 19. Ne4 f5 20. Nc5 Qg7 21. Qxg7+ Nxg7 22. Nxb7 Rb8 23. Nd6 Re3 24. Bc4 Rxb2 25.
Bxd5+ cxd5 26. Nf4 Ra3 27. Nxd5 Raxa2 28. Nf6+ Kh8 29. Nf7# 1-0

[Event "*** Titled Tuesday 3|2 Blitz"]
[Site "Chess.com"]
[Date "2016.02.02"]
[Round "1"]
[White "dsanchez1973"]
[Black "Zkid"]
[Result "0-1"]
[WhiteElo "1973"]
[BlackElo "2419"]
[TimeControl "180+2"]
[EndTime "17:06:05 PST"]
[Termination "Zkid won by resignation"]

1. e4 e6 2. d4 d5 3. Nc3 Bb4 4. e5 c5 5. a3 Bxc3+ 6. bxc3 Qa5 7. Bd2 Qa4 8. Nf3 b6 9. Be2 Ne7 10. O-O Ba6 11. Bxa6 Nxa6 12. Qe2 O-O 13. h4 Rac8 14. h5 cxd4 15. h6 g6 16. Nxd4 Nc5 17. Nb5 Qe4 18.
Rae1 Qxe2 19. Rxe2 Ne4 20. Be1 Rc5 21. f3 Ng3 22.
Bxg3 Rxb5 23. c4 dxc4 24. Rd1 Rd5 25. Red2 Rfd8 26. Rxd5 Rxd5 27. Rxd5 Nxd5 28. Kf2 Kf8 29. Ke2 Ke7 30. Kd2 Kd7 31. Bf2 Kc6 32. a4 Ne7 33.
Kc3 Kd5 34. g4 Nc6 35. Bg3 Nxe5 36. Bxe5 Kxe5 37. Kxc4 a6 38. c3 Kd6 39. Kd4 e5+ 40.
Kc4 f5 41. Kd3 Kc5 0-1

[Event "*** Titled Tuesday 3|2 Blitz"]
[Site "Chess.com"]
[Date "2016.02.02"]
[Round "1"]
[White "Hikaru"]
[Black "Zazuliak"]
[Result "1-0"]
[WhiteElo "2837"]
[BlackElo "2319"]
[TimeControl "180+2"]
[EndTime "17:06:06 PST"]
[Termination "Hikaru won by resignation"]

1. b3 d5 2. Bb2 Nf6 3. Nf3 Bf5 4.
Nh4 Bd7 5. e3 e6 6. d4 Be7 7.
Bd3 c5 8. O-O Nc6 9. c4 cxd4 10.
exd4 Ne4 11. Nf3 O-O 12. a3 Bf6 13. Qc2 Qb6 14. c5 Qc7 15. b4 Ne7 16. Nc3 Nxc3 17. Bxc3 h6 18. b5 Nf5 19. a4 Qf4 20. Qb2 Rac8 21. Rfe1 g5 22. a5 g4 23. Ne5 Bxe5 24.
Rxe5 f6 25. Ree1 h5 26. a6 b6 27. c6 Be8 28. g3 Qg5 29. Rxe6 Bg6 30. Bd2 1-0

[Event "*** Titled Tuesday 3|2 Blitz"]
[Site "Chess.com"]
[Date "2016.02.02"]
[Round "1"]
[White "Mornar1951"]
[Black "Er_is_geen_hoop_meer"]
[Result "1-0"]
[WhiteElo "2603"]
[BlackElo "2298"]
[TimeControl "180+2"]
[EndTime "17:06:09 PST"]
[Termination "Mornar1951 won by resignation"]

1. Nf3 Nf6 2. c4 g6 3. Nc3 Bg7 4. e4 d6 5. d4 O-O 6. Be2 e5 7.
O-O Nc6 8. dxe5 dxe5 9. Bg5 Nd4 10. Nxe5 Ne6 11. Bh4 Qxd1 12. Raxd1 Nxe4 13. Nxe4 Bxe5 14. Bf6 Bxf6 15. Nxf6+ Kg7 16. Nd5 c6 17. Nc3 f5 18.
f4 c5 19. Bf3 Nd4 20. b3 Rb8 21. Ne2 Ne6 22. Rd6 b6 23. Rfd1 Kf6 24. Kf2 Bb7 25.
Rd7 Bxf3 26. Kxf3 a6 27. Rxh7 b5 28. Rd6 bxc4 29. Nc3 g5 30. Rh6+ Kf7 31. Rdxe6 g4+ 32. Kg3 cxb3 33. Rhf6+ Kg7 34. Rg6+ Kf7 35. Ref6+ Ke8 36.
Rxf8+ Kxf8 37. Rf6+ Kg7 38. Rxf5 b2 39. Rxc5 b1=Q 40. Nxb1 Rxb1 41. Rc7+ Kf8 42. Rc6 a5 43.
Rc5 a4 44. Rc4 a3 45. Rc3 1-0

[Event "*** Titled Tuesday 3|2 Blitz"]
[Site "Chess.com"]
[Date "2016.02.02"]
[Round "1"]
[White "gmjoey1"]
[Black "Kanthecarowin"]
[Result "1-0"]
[WhiteElo "2450"]
[BlackElo "2161"]
[TimeControl "180+2"]
[EndTime "17:06:27 PST"]
[Termination "gmjoey1 won by resignation"]

1. e4 c6 2. Nc3 d5 3. Nf3 Bg4 4. h3 Bxf3 5. Qxf3 dxe4 6. Nxe4 Nf6 7. Nxf6+ exf6 8. Bc4 Be7 9. Qb3 O-O 10. Qxb7 Nd7 11. O-O Rb8 12. Qxc6 Rc8 13. Qe4 f5 14. Qe2 Re8 15. Bb3 Bd6 16. Qf3 g6 17. d4 Qc7 18.
Bg5 Kg7 19. Rfe1 h6 20. Bh4 Bf4 21. g3 Bd6 22. g4 f4 23. g5 hxg5 24. Bxg5 f6 25.
Bh4 g5 26. Qh5 Rh8 27. Qf7+ Kh6 28. Bxg5+ Kxg5 29. Qg7+ Kh5 30. Bf7+ 1-0

[Event "*** Titled Tuesday 3|2 Blitz"]
[Site "Chess.com"]
[Date "2016.02.02"]
[Round "1"]
[White "Po6Don"]
[Black "AndreyOstrovskiy"]
[Result "0-1"]
[WhiteElo "2094"]
[BlackElo "2452"]
[TimeControl "180+2"]
[EndTime "17:06:27 PST"]
[Termination "AndreyOstrovskiy won by resignation"]

1. e4 e5 2. Nf3 Nc6 3. Bc4 Bc5 4. b4 Bxb4 5. c3 Ba5 6. d4 d6 7. Qb3 Qd7 8. O-O Bb6 9. a4 Na5 10. Qa2 Nxc4 11. Qxc4 a5 12. dxe5 Qe6 13. Qxe6+ Bxe6 14. exd6 cxd6 15. Ba3 Nf6 16. Nbd2 O-O-O 17. Rab1 Bc7 18. Ng5 d5 19. Nxe6 fxe6 20. Rfe1 Bf4 21. e5 Bxd2 22. Re2 Ne4 23. Be7 Rd7 24. Bh4 Nxc3 25. Rxd2 Nxb1 26. Rc2+ Rc7 27. Rxc7+ Kxc7 28. f4 0-1

[Event "*** Titled Tuesday 3|2 Blitz"]
[Site "Chess.com"]
[Date "2016.02.02"]
[Round "1"]
[White "DaPazz"]
[Black "KNVB"]
[Result "1-0"]
[WhiteElo "1988"]
[BlackElo "2385"]
[TimeControl "180+2"]
[EndTime "17:07:25 PST"]
[Termination "DaPazz won by checkmate"]

1. d4 Nf6 2. Nf3 b6 3. g3 Bb7 4. Bg2 e6 5. O-O Be7 6. c4 O-O 7. Nc3 Ne4 8. Nxe4 Bxe4 9. Nd2 Bxg2 10. Kxg2 Qc8 11. e4 Qb7 12. f3 f5 13. Qe2 fxe4 14. fxe4 Nc6 15. Rxf8+ Rxf8 16. Nb3 a5 17.
Be3 a4 18. Nd2 a3 19. b3 Bf6 20. Nf3 g6 21. Rf1 Bg7 22. Qd3 Nb4 23. Qb1 h6 24. h4 Kh7 25. d5 c6 26. Bd2 Na6 27. h5 cxd5 28. exd5 Kg8 29. Qxg6 Rf5 30. Bxh6 d6 31.
Ng5 Rxf1 32. Kxf1 Nc5 33. Qe8+ Bf8 34. Qxf8# 1-0

[Event "*** Titled Tuesday 3|2 Blitz"]
[Site "Chess.com"]
[Date "2016.02.02"]
[Round "1"]
[White "GMHess"]
[Black "Recombinant"]
[Result "1-0"]
[WhiteElo "2478"]
[BlackElo "2212"]
[TimeControl "180+2"]
[EndTime "17:07:27 PST"]
[Termination "GMHess won by resignation"]

1. b3 e5 2. Bb2 Nc6 3. e3 Nf6 4. Bb5 e4 5. Ne2 a6 6. Bxc6 dxc6 7. Ng3 Bg4 8. Bxf6 Qd7 9. f3 exf3 10. gxf3 gxf6 11.
fxg4 Rg8 12. Nc3 Rxg4 13. Qf3 O-O-O 14. O-O-O Ba3+ 15. Kb1 Kb8 16. Nge4 Rg6 17. Nxf6 Qe6 18. Nh5 Qe5 19. Nf4 Rgd6 20. Nd3 Qa5 21. Qe2 c5 22. Ne5 Rf6 23. Nc4 Qb4 24. Rhf1 Rc6 25. Rxf7 b5 26. Nxa3 Qxa3 27. Qf3 Rcd6 28. Rf8 c4 29. Rxd8+ Rxd8 30. Qf6 Rd6 31. Qh8+ Kb7 32. Ne4 Rd7 33. Qb2 Qe7 34. Nc3 b4 35. bxc4 Ka7 36. Nd5 Qc5 37. Qd4 1-0

[Event "*** Titled Tuesday 3|2 Blitz"]
[Site "Chess.com"]
[Date "2016.02.02"]
[Round "1"]
[White "gmcorrales"]
[Black "Thomaslegend"]
[Result "1-0"]
[WhiteElo "2456"]
[BlackElo "2085"]
[TimeControl "180+2"]
[EndTime "17:07:31 PST"]
[Termination "gmcorrales won by checkmate"]

1. e4 c5 2. Nf3 d6 3. d4 cxd4 4. Nxd4 Nf6 5. Nc3 a6 6. Be2 e5 7.
Nb3 Be7 8. O-O O-O 9. Kh1 b6 10. Bg5 Bb7 11. Bxf6 Bxf6 12. Nd5 Nd7 13. c3 Bg5 14.
Bf3 Nf6 15. Nxf6+ Bxf6 16. Nd2 b5 17. a4 Bg5 18. Re1 Qb6 19. Qe2 f5 20. exf5 Bxd2 21.
Bxb7 Bxe1 22. Bxa8 Bxf2 23. Bd5+ Kh8 24. axb5 axb5 25.
Qh5 Qc7 26. g4 Be3 27. g5 h6 28.
h4 Qd7 29. Rf1 Rxf5 30. Rxf5 Qxf5 31. Qe8+ Kh7 32. Bg8+ Kh8 33. Bf7+ Kh7 34. Qg8# 1-0

[Event "*** Titled Tuesday 3|2 Blitz"]
[Site "Chess.com"]
[Date "2016.02.02"]
[Round "1"]
[White "DanielRensch"]
[Black "Noukii"]
[Result "0-1"]
[WhiteElo "2313"]
[BlackElo "2711"]
[TimeControl "180+2"]
[EndTime "17:07:53 PST"]
[Termination "Noukii won by resignation"]

1. d4 Nf6 2. Nc3 d5 3. Bf4 e6 4. e3 a6 5. Bd3 c5 6. Nf3 Nc6 7. O-O Bd6 8. Bg3 O-O 9. dxc5 Bxc5 10. e4 Nb4 11. exd5 Nxd3 12. Qxd3 Nxd5 13. Ne4 Be7 14.
c4 Nb4 15. Qxd8 Rxd8 16. Rfd1 Rxd1+ 17. Rxd1 Kf8 18. a3 Nc6 19. c5 f6 20. b4 e5 21. Nd6 Bxd6 22. Rxd6 Ke7 23. Nd2 Be6 24. f4 exf4 25. Bxf4 Rd8 26. Kf2 Rxd6 27. cxd6+ Kd7 28. Ne4 b6 29. Be3 Bd5 30. Ng3 b5 31. Bc5 g6 32.
Ne2 Ne5 33. Nc3 Bc6 34. Nd1 Nc4 35. Ne3 Nxd6 36. Ng4 Ne4+ 37. Ke3 h5 38. Nf2 Nxc5 39.
bxc5 Bxg2 40. Kd4 a5 41. Nd3 g5 42. Nc1 h4 43. Nb3 g4 44. Nxa5 g3 45. hxg3 h3 0-1

[Event "*** Titled Tuesday 3|2 Blitz"]
[Site "Chess.com"]
[Date "2016.02.02"]
[Round "1"]
[White "attack2mateU"]
[Black "aNONoNonono"]
[Result "1-0"]
[WhiteElo "2447"]
[BlackElo "2092"]
[TimeControl "180+2"]
[EndTime "17:07:54 PST"]
[Termination "attack2mateU won by resignation"]

1. e4 c5 2. Nf3 d6 3. d4 cxd4 4. Nxd4 Nf6 5. Nc3 a6 6. Be3 e6 7. f3 Nbd7 8. Qd2 Qc7 9. g4 Ne5 10. g5 Nfd7 11. f4 Nc4 12. Bxc4 Qxc4 13. f5 Nc5 14. b3 Qb4 15. a3 Qb6 16. b4 Qc7 17. bxc5 dxc5 18. Nf3 exf5 19. Nd5 Qd8 20. Bf4 Bd6 21.
Bxd6 Qxd6 22. O-O-O Kf8 23. Nc7 Qxc7 24. Qd8+ Qxd8 25.
Rxd8+ Ke7 26. Rxh8 fxe4 27. Re1 Kd6 28. Rxe4 Bf5 29.
Rxa8 Bxe4 30. Nd2 Bd5 31. Rh8 Ke6 32. Rxh7 g6 33. Rh8 Kf5 34. h4 Kg4 35. Kb2 Kf4 36.
Nb3 Bf3 37. Nxc5 Bh5 38. Nxb7 Kg4 39. Nd8 1-0

[Event "*** Titled Tuesday 3|2 Blitz"]
[Site "Chess.com"]
[Date "2016.02.02"]
[Round "1"]
[White "dwyde"]
[Black "SenseiJulio"]
[Result "0-1"]
[WhiteElo "2288"]
[BlackElo "2574"]
[TimeControl "180+2"]
[EndTime "17:08:04 PST"]
[Termination "SenseiJulio won by checkmate"]

1. d4 e6 2. c4 Bb4+ 3. Nc3 Nf6 4.
e3 b6 5. Nf3 Bb7 6. Bd3 Ne4 7.
Qc2 f5 8. O-O Bxc3 9. bxc3 O-O 10.
Ne1 Qh4 11. f3 Ng5 12. Ba3 d6 13. c5 dxc5 14. dxc5 Rf6 15. g3 Qh5 16. Qg2 Nd7 17. Rd1 Ne5 18. Be2 Ng4 19. Bc1 Nh3+ 20. Kh1 Raf8 21.
Rd7 Rh6 22. Rxc7 Ba8 23. c6 Ne5 24. e4 f4 25. g4 Qh4 26. Nd3 Nxc6 27. Ba3 Rd8 28.
Bc1 e5 29. Nf2 Ng5 30. Kg1 Na5 31. Rd1 Rxd1+ 32. Bxd1 Nc4 33. Rxc4 Bb7 34. Rc7 Ba6 35. Bb3+ Kf8 36. Ba3+ Ke8 37. Be7 Nxf3+ 38. Kh1 Qxh2+ 39. Qxh2 Rxh2# 0-1

[Event "*** Titled Tuesday 3|2 Blitz"]
[Site "Chess.com"]
[Date "2016.02.02"]
[Round "1"]
[White "Winehouse83"]
[Black "Anton_Demchenko"]
[Result "0-1"]
[WhiteElo "2306"]
[BlackElo "2626"]
[TimeControl "180+2"]
[EndTime "17:08:05 PST"]
[Termination "Anton_Demchenko won by resignation"]

1. d4 Nf6 2. c4 g6 3. Nc3 Bg7 4. e4 O-O 5. Be2 d6 6. Bg5 Na6 7. f4 c6 8. Nf3 Nc7 9. Bh4 b5 10. e5 Nh5 11. Qd2 bxc4 12. Bxc4 Bg4 13. O-O Bxf3 14.
Rxf3 dxe5 15. fxe5 Bxe5 16. Rd1 Bg7 17. d5 Bxc3 18.
Qxc3 Nxd5 19. Qd2 Qd7 20. Bxd5 cxd5 21. Qxd5 Qxd5 22. Rxd5 e6 23. Rd7 e5 24. g4 Nf4 25.
Bf6 Rfe8 26. Re3 e4 27. Rd4 h5 28. Rdxe4 Rxe4 29. Rxe4 Nd5 30. Bd4 hxg4 31. Rxg4 a6 32. Rg5 Rd8 33. Kf2 Kh7 34. Rg3 f6 35. Ra3 Rd6 36.
Rh3+ Kg7 37. Rb3 Kf7 38. Rb7+ Ke6 39. b3 Rc6 40. a4 Kf5 41. Kf3 g5 42. Rd7 Nf4 43.
Rb7 g4+ 44. Kg3 Ne2+ 45. Kf2 Nxd4 46. b4 Rc3 47. b5 axb5 48. axb5 Rf3+ 49. Kg2 Rb3 50.
b6 Rb2+ 51. Kg3 Ne2+ 0-1

[Event "*** Titled Tuesday 3|2 Blitz"]
[Site "Chess.com"]
[Date "2016.02.02"]
[Round "1"]
[White "HustleStandard"]
[Black "chesstatour"]
[Result "1-0"]
[WhiteElo "2401"]
[BlackElo "1962"]
[TimeControl "180+2"]
[EndTime "17:08:10 PST"]
[Termination "HustleStandard won by resignation"]

1. d4 Nf6 2. c4 e6 3. Nc3 Bb4 4. Nf3 b6 5. Qb3 c5 6. Bg5 h6 7.
Bh4 Nc6 8. e3 O-O 9. O-O-O Bxc3 10. Qxc3 cxd4 11. Nxd4 Bb7 12. Nb5 Ne4 13. Bxd8 Nxc3 14.
Nxc3 Rfxd8 15. b3 a6 16. Kb2 Ne5 17. h3 Rac8 18. Rg1 d6 19. Be2 Kf8 20. Rd2 Ke7 21.
f4 Ng6 22. g3 Rc7 23. e4 Rcd7 24. Rgd1 Nh8 25. Bf3 f6 26. Na4 b5 27. cxb5 axb5 28.
Nc3 b4 29. Na4 Bc6 30. Nb6 Ra7 31. Nc4 Rda8 32. Kb1 d5 33. exd5 Bxd5 34. Bxd5 exd5 35. Nb6 Rb8 36. Nxd5+ Kf7 37. f5 g6 38. fxg6+ Nxg6 39. Rf1 Kg7 40. Nxf6 Rbb7 41. g4 Ne5 42. Nh5+ Kh7 43.
Rf6 Rc7 44. Rdd6 Rd7 45. Rxh6+ Kg8 46. Nf6+ Kg7 47. Nxd7 1-0

[Event "*** Titled Tuesday 3|2 Blitz"]
[Site "Chess.com"]
[Date "2016.02.02"]
[Round "1"]
[White "GianmarcoVaR"]
[Black "jcibarra"]
[Result "0-1"]
[WhiteElo "2235"]
[BlackElo "2518"]
[TimeControl "180+2"]
[EndTime "17:08:14 PST"]
[Termination "jcibarra won by resignation"]

1. d4 Nf6 2. Nf3 d5 3. c4 dxc4 4. e3 e6 5. Bxc4 a6 6. Bb3 c5 7. Nc3 b5 8. O-O Bb7 9. dxc5 Qxd1 10. Rxd1 Nbd7 11. Bd2 Nxc5 12. Bc2 Be7 13. Be1 Rc8 14. Ne2 O-O 15. Bb4 Nd5 16. Ba5 Bf6 17. Ned4 g6 18. e4 Nf4 19. g3 Nh5 20. e5 Be7 21. Rac1 Bd5 22. Bb1 Na4 23. b3 Nc5 24. Rd2 Nb7 25. Bc3 Ba3 26. Rcc2 Be4 27. Ba1 Bxc2 28. Nxc2 Bc5 29.
Kf1 Rfd8 30. Ke2 Ng7 31. g4 Ne8 32. Ncd4 Nc7 33. Nc2 Nd5 34. Kf1 Nf4 35. Ncd4 Bxd4 0-1

[Event "*** Titled Tuesday 3|2 Blitz"]
[Site "Chess.com"]
[Date "2016.02.02"]
[Round "1"]
[White "spectralsoul"]
[Black "cheese111"]
[Result "0-1"]
[WhiteElo "2556"]
[BlackElo "2307"]
[TimeControl "180+2"]
[EndTime "17:08:17 PST"]
[Termination "cheese111 won on time"]

1. Nf3 Nf6 2. d4 g6 3. Bf4 Bg7 4. e3 d6 5. h3 O-O 6. Be2 c5 7.
c3 Nc6 8. O-O Be6 9. Nbd2 Qb6 10.
Qc1 Rfc8 11. Re1 Nd5 12. Nc4 Qd8 13. Bg3 cxd4 14. exd4 b5 15. Ne3 Rab8 16. Qd2 Na5 17. Ng5 Nxe3 18. Qxe3 Nc4 19. Qf4 Bf5 20. b3 e5 21.
dxe5 dxe5 22. Qh4 h6 23. bxc4 hxg5 24. Rad1 gxh4 25. Rxd8+ Rxd8 26. Bxh4 Rdc8 27. cxb5 Rxc3 28. Be7 Bd3 29. Bf3 e4 30. Bxe4 Bxe4 31. Rxe4 Re8 0-1

[Event "*** Titled Tuesday 3|2 Blitz"]
[Site "Chess.com"]
[Date "2016.02.02"]
[Round "1"]
[White "Assasin14"]
[Black "JusticeBot"]
[Result "0-1"]
[WhiteElo "2016"]
[BlackElo "2427"]
[TimeControl "180+2"]
[EndTime "17:08:24 PST"]
[Termination "JusticeBot won by resignation"]

1. e4 e5 2. Nf3 Nc6 3. Bb5 a6 4.
Ba4 Nge7 5. O-O g6 6. c3 Bg7 7.
d4 exd4 8. cxd4 b5 9. Bb3 O-O 10. Nc3 d6 11. h3 Na5 12. Bc2 b4 13. Ne2 Bb7 14. Bg5 h6 15. Bf4 Rc8 16. Qd2 g5 17.
Bg3 c5 18. b3 Nac6 19. Rac1 Qb6 20. Bxd6 cxd4 21. e5 Rfd8 22. Qd3 Ng6 23. h4 g4 24. Nfxd4 Rxd6 25. exd6 Nxd4 26. h5 Qc6 27. f3 Nxc2 28. hxg6 Qc5+ 29. Kh1 Qh5+ 30. Kg1 Qc5+ 31. Kh1 fxg6 32. d7 Rd8 33. Rxc2 Qh5+ 34. Kg1 gxf3 35. gxf3 Qg5+ 36. Kf2 Qh4+ 37. Kg1 Qe7 38. Qc4+ Kh7 39. Rd2 Qg5+ 40. Kf2 Qxd2 41. Qc7 Rxd7 42. Qc4 Bd4+ 43. Kg2 Qg5+ 44. Ng3 Be5 45. Qg4 Qxg4 0-1

[Event "*** Titled Tuesday 3|2 Blitz"]
[Site "Chess.com"]
[Date "2016.02.02"]
[Round "1"]
[White "HansCoolNiemann"]
[Black "BillieKimbah"]
[Result "0-1"]
[WhiteElo "2206"]
[BlackElo "2485"]
[TimeControl "180+2"]
[EndTime "17:08:39 PST"]
[Termination "BillieKimbah won by resignation"]

1. d4 d5 2. c4 c6 3. Nf3 Nf6 4. e3 Bf5 5. Nc3 e6 6. Nh4 Be4 7. f3 Bg6 8. Qb3 Qc7 9. Nxg6 hxg6 10. Bd2 Be7 11. cxd5 cxd5 12. O-O-O Nc6 13. Kb1 O-O 14. Rc1 Rac8 15. g4 a6 16. h4 Na5 17. Qc2 Nc4 18. Bxc4 Qxc4 19. Rcg1 b5 20. b3 Qc6 21. Qd3 Rc7 22. g5 Nh5 23. Ne2 Qd6 24. f4 Rfc8 25. Rc1 Qb6 26. Rxc7 Rxc7 27. Rc1 Bd6 28. Rxc7 Qxc7 29.
Qc2 Qd7 30. Be1 Kh7 31. Nc1 Qb7 32. Nd3 Qd7 33. Kb2 Qb7 34. Kc1 Kg8 35. Kd1 Qd7 36. Ke2 Qb7 37. Kf3 Qd7 38. Kg2 Kh7 39. a4 f6 40. a5 e5 41. dxe5 fxe5 42. fxe5 Qg4+ 43. Kf1 Qf5+ 44. Ke2 Bxe5 45. Qc6 Bg3 46. Qd6 Bxd6 0-1

[Event "*** Titled Tuesday 3|2 Blitz"]
[Site "Chess.com"]
[Date "2016.02.02"]
[Round "1"]
[White "Dlugy"]
[Black "lionheart95"]
[Result "1-0"]
[WhiteElo "2566"]
[BlackElo "2279"]
[TimeControl "180+2"]
[EndTime "17:08:49 PST"]
[Termination "Dlugy won by resignation"]

1. d4 Nf6 2. Bf4 g6 3. Nc3 Bg7 4. e4 d6 5. Qd2 O-O 6. Bh6 Nbd7 7. O-O-O e5 8. Nf3 exd4 9. Nxd4 Re8 10. f3 a6 11. Bxg7 Kxg7 12. h4 Ne5 13. h5 Kg8 14. hxg6 fxg6 15. f4 Nf7 16. Bc4 Qe7 17. Rde1 c5 18.
Nf3 b5 19. Nd5 Nxd5 20. Bxd5 Bb7 21. Ng5 Bxd5 22. Qxd5 h5 23. g4 Kg7 24. gxh5 Nxg5 25. h6+ Kh7 26. fxg5 Rf8 27. Rhf1 Rxf1 28. Rxf1 Rf8 29. Rxf8 Qxf8 30. b3 b4 31. Kb2 Qh8+ 32.
Kb1 Qf8 33. Qb7+ Kh8 34. Qxa6 Qe7 35. Qa8+ Kh7 36. Qd5 Qf8 37. a4 bxa3 38. Ka2 Qe7 39. Kxa3 Qa7+ 40. Kb2 Qe7 41. Kb1 Qf8 42. Ka2 Qe7 43.
Kb2 Kh8 44. Kc3 Kh7 45. Kc4 Kh8 46. Kb5 Qc7 47. Ka6 Qd8 48. Qb7 Qf8 49. Kb6 Qd8+ 50. Qc7 Qf8 51. Qg7+ Qxg7 52. hxg7+ Kxg7 53. Kc6 1-0

[Event "*** Titled Tuesday 3|2 Blitz"]
[Site "Chess.com"]
[Date "2016.02.02"]
[Round "1"]
[White "TheLancer"]
[Black "TheMagician"]
[Result "1-0"]
[WhiteElo "2458"]
[BlackElo "2119"]
[TimeControl "180+2"]
[EndTime "17:08:49 PST"]
[Termination "TheLancer won by resignation"]

1. e4 c5 2. Nc3 d6 3. f4 e6 4. Nf3 a6 5. a4 b6 6. Bc4 Bb7 7. f5 d5 8. fxe6 dxc4 9. exf7+ Kxf7 10. Qe2 Nc6 11. O-O Ke8 12. Qxc4 Nd4 13. Ne5 Nh6 14. Nf7 Qh4 15. Nxh6 Bd6 16. Ng4 Rf8 17. Rxf8+ Kxf8 18. h3 h5 19. Qf1+ Kg8 20. Ne3 Rf8 21. Nf5 Rxf5 22.
exf5 Qg3 23. Qf2 Nf3+ 24. Kf1 Nh2+ 25. Ke2 Qe5+ 26. Kd1 Qg3 27. Qxg3 Bxg3 28. Ne2 Be5 29. d4 cxd4 30. Bf4 Bxf4 31. Nxf4 Nf1 32. Ke2 Ng3+ 33.
Kd2 h4 34. Re1 Nxf5 35. Re5 g6 36. Re6 Kf7 37. Rxb6 Be4 38. Nxg6 Ne3 39. Ne5+ Kg7 40. c3 Bxg2 41. cxd4 Nd5 42. Rg6+ Kf8 43. Rxg2 Nf4 44. Rf2 Ke7 45. Rxf4 Kd6 46. Rxh4 Kd5 47. Kd3 a5 48. Rh5 Ke6 49. Nc4 Kf6 50. Re5 Kg6 51. d5 1-0

[Event "*** Titled Tuesday 3|2 Blitz"]
[Site "Chess.com"]
[Date "2016.02.02"]
[Round "1"]
[White "ruifeng"]
[Black "Yaacovn"]
[Result "1/2-1/2"]
[WhiteElo "2257"]
[BlackElo "2556"]
[TimeControl "180+2"]
[EndTime "17:09:04 PST"]
[Termination "Game drawn by repetition"]

1. e4 c6 2. d4 d5 3. Nd2 dxe4 4. Nxe4 Nf6 5. Nxf6+ gxf6 6. Nf3 Bg4 7. Be2 e6 8. Bf4 Bd6 9. Qd2 Qc7 10. Bxd6 Qxd6 11.
O-O-O Nd7 12. Kb1 O-O-O 13. Qe3 Rhg8 14. g3 Nb6 15. Rhe1 Nd5 16. Qb3 Bf5 17. Bd3 Bg6 18.
h4 Qc7 19. Bxg6 hxg6 20. Nd2 Kb8 21. Ne4 Qe7 22. Nc5 Ka8 23. a4 a5 24. f4 f5 25.
Nd3 Qc7 26. Re5 b6 27. c4 Nf6 28. c5 Rb8 29. cxb6 Rxb6 30. Rxa5+ Kb8 31. Qc3 Ne4 32. Qe1 Rb3 33. Nc1 Rb7 34. Rd3 Rd8 35. Re5 Qb6 36. Rb3 Qxd4 37. Rxb7+ Kxb7 38. Qa5 Qb6 39. Nb3 Rd1+ 40.
Ka2 Rg1 41. Rxe4 fxe4 42. Nc5+ Kc7 43. Na6+ Kb7 44. Nc5+ Kc7 45. Na6+ Kb7 46. Nc5+ Kc7 47. Na6+ Kb7 48. Nc5+ Kc7 1/2-1/2

[Event "*** Titled Tuesday 3|2 Blitz"]
[Site "Chess.com"]
[Date "2016.02.02"]
[Round "1"]
[White "Jahonas"]
[Black "Gabrielian_Artur"]
[Result "1-0"]
[WhiteElo "2197"]
[BlackElo "2449"]
[TimeControl "180+2"]
[EndTime "17:09:22 PST"]
[Termination "Jahonas won by resignation"]

1. d4 Nf6 2. c4 c5 3. Nf3 cxd4 4. Nxd4 Nc6 5. e3 g6 6. Nc3 Bg7 7. Be2 O-O 8. O-O d6 9. Nxc6 bxc6 10. Bf3 Bd7 11.
Qa4 Qb6 12. Qa3 a5 13. Bd2 Qb4 14. Rac1 Qxa3 15. bxa3 Rfb8 16. Rb1 e5 17. Na4 e4 18.
Be2 Be6 19. Nb6 Ra7 20. Rb3 Rbb7 21. Rfb1 h5 22. h3 Kh7 23. Bc3 d5 24. Bxf6 Bxf6 25. Nxd5 cxd5 26. Rxb7 Rxb7 27. Rxb7 dxc4 28. Rc7 c3 29.
Bc4 Bxc4 30. Rxc4 Kg7 31. Kf1 Kf8 32. Ke2 Ke7 33. Rxe4+ Kd6 34. Kd3 Kd5 35. Rc4 Bg7 36. Rxc3 Bxc3 37. Kxc3 h4 38. f3 g5 39. a4 f5 40. a3 Kc5 41. Kd3 Kd5 42. Kc3 Kc5 43.
e4 fxe4 44. fxe4 Kd6 45. Kd4 Ke6 46. e5 Kf5 47. Kd5 Kf4 48. e6 Kg3 49. e7 Kxg2 50.
e8=Q Kxh3 51. Qe3+ Kg4 52. Qg1+ Kf4 53. Qf2+ Kg4 54.
Ke4 h3 55. Qf3+ Kh4 56. Kf5 1-0